 Dungeon Crawl Stone Soup version 0.30-a0-772-g5528072125 (webtiles) character file.

Game seed: 10864221319074582886

263 Flugslaktarn the Chopper (level 5, -7/48 HPs)
             Began as a Minotaur Fighter on Feb 12, 2023.
             Mangled by Menkaure (20 damage)
             ... on level 4 of the Dungeon.
             The game lasted 00:01:28 (3099 turns).

Flugslaktarn the Chopper (Minotaur Fighter)         Turns: 3099, Time: 00:01:29

Health: -7/48      AC:  8    Str: 21    XL:     5   Next: 98%
Magic:  4/4        EV:  9    Int:  5    God:
Gold:   277        SH:  4    Dex:  9    Spells: 4/4 levels left

rFire   . . .      SeeInvis .    a - +0 war axe
rCold   x . .      Faith    .    c - +0 buckler
rNeg    . . .      Spirit   .    b - +0 scale mail
rPois   .          Reflect  .    (helmet restricted)
rElec   .          Harm     .    (no cloak)
rCorr   .          Rampage  .    e - +0 pair of gloves
Will    .....                    (no boots) Stlth
                                 (no amulet)
HPRegen 0.28/turn                (no ring)
MPRegen 0.09/turn                (no ring)

@: mighty
A: horns 2, retaliatory headbutt, clumsy 1, cold vulnerability 1
a: no special abilities


You were on level 4 of the Dungeon.
You visited 1 branch of the dungeon, and saw 4 of its levels.

You collected 277 gold pieces.

Inventory:

Hand Weapons
 a - a +0 war axe (weapon)
Armour
 b - a +0 scale mail (worn)
 c - a +0 buckler (worn)
 e - a +0 pair of gloves (worn)
   (You found it on level 3 of the Dungeon)
Jewellery
 p - a +6 ring of intelligence
   (You found it on level 3 of the Dungeon)
Scrolls
 f - a scroll of noise {unknown}
 h - a scroll of fear {unknown}
 i - 3 scrolls of identify {unknown}
 j - 2 scrolls of blinking {unknown}
 k - 2 scrolls of immolation {unknown}
 m - 4 scrolls of teleportation {unknown}
 n - 2 scrolls of vulnerability {unknown}
 o - a scroll of enchant weapon {unknown}
 r - a scroll of silence {unknown}
Potions
 d - a potion of might
 g - a potion of brilliance {unknown}
 l - a potion of resistance {unknown}
 q - a potion of curing {unknown}


   Skills:
 + Level 5.1 Fighting
 * Level 5.6 Axes
 + Level 5.1 Armour
 - Level 3.6 Shields


You had 4 spell levels left.
You didn't know any spells.
Your spell library was empty.

Dungeon Overview and Level Annotations

Branches:
Dungeon (4/15)
 Temple: D:4-7

Altars:
Fedhas
Makhleb
Trog
Zin

Shops:
D:1 :

Annotations:
D:4 Menkaure


Innate Abilities, Weirdness & Mutations

You have a pair of horns on your head.
You reflexively headbutt those who attack you in melee.
You are clumsy. (Dex -2)
You are vulnerable to cold. (rC-)


Message History

There are monsters nearby!
There are monsters nearby!
You hit the hound.
The hound is moderately wounded.
The hound bites you but does no damage. x2
You closely miss the hound. You headbutt the hound!
You kill the hound!
The ball python closely misses you. You block the ball python's attack.
Your Fighting skill increases to level 5!
Your Armour skill increases to level 5!
You slash the ball python!
You kill the ball python!
No target in view!
No target in view!
No target in view!
No target in view!
No target in view!
Found a leather armour.
No target in view!
You see here a +0 leather armour.
You now have 277 gold pieces (gained 10).
Found a stone staircase leading up. 2 goblins come into view.
The goblin shouts! x2; You hear a shout!
A goblin comes into view. It is wielding a +0 dagger.
The goblin moves out of view. x2
A goblin is nearby!
Robin and a goblin come into view.
Robin shouts!
The goblin shouts! x2; You hear a shout! x2
Robin throws the goblin at you!
A goblin comes into view. It is wielding a +0 club. x2
The goblin moves out of view.
You completely miss the goblin.
The goblin shouts!
You hear a shout!
The goblin hits you but does no damage.
A goblin comes into view. It is wielding a +0 club.
You slash the goblin!
You kill the goblin!
A goblin comes into view. It is wielding a +0 club.
You slash the goblin!
You kill the goblin!
You closely miss the goblin.
A goblin comes into view. It is wielding a +0 club.
The goblin hits you but does no damage. Robin throws the goblin at you!
You closely miss the goblin. You miss the goblin.
The goblin hits you but does no damage.
A goblin comes into view.
It is wielding a +2 dagger of electrocution.
Robin roars a battlecry!
The goblins go into a battle-frenzy!
You hear a shout!
You closely miss the goblin. x2; You block the goblin's attack.
Robin throws the goblin at you! You block the goblin's attack.
The goblin closely misses you.
You hit the goblin.
The goblin is heavily wounded.
You barely miss the goblin. You closely miss the goblin. You hit the goblin.
You kill the goblin!
The goblin hits you but does no damage. x2; The goblin barely misses you.
Menkaure, Prince of Dust comes into view.
You block the goblin's attack. The goblin hits you with a +0 club.
The goblin closely misses you. You furiously retaliate!
You headbutt the goblin!
You kill the goblin!
You miss the goblin. Your headbutt misses the goblin.
The goblin is heavily wounded.
You barely miss the goblin. You hit Robin but do no damage.
Robin throws the goblin at you!
The goblin hits you but does no damage. x3
There are monsters nearby!
You hit the goblin.
You kill the goblin!
You hit Robin. You hit the goblin. You slash the goblin!
You kill the goblin!
Robin throws the goblin at you! The goblin hits you with a +0 club.
You block the goblin's attack.
You hit Robin. You headbutt Robin!
You kill Robin!
You closely miss the goblin. You slash the goblin!
You kill the goblin!
The goblin hits you with a +0 dagger.
The goblin hits you but does no damage. x2
You slash the goblin!
You kill the goblin!
You barely miss the goblin. You slash the goblin!
You kill the goblin!
Menkaure mumbles some strange words.
Menkaure seems to speed up.
You closely miss the goblin. The goblin hits you but does no damage.
You barely miss the goblin. The goblin completely misses you.
The goblin hits you but does no damage.
You are electrocuted!
You feel very mighty all of a sudden.
The goblin hits you with a +2 dagger of electrocution.
You slice the goblin!!
You kill the goblin!
Menkaure's bandages flutter.
Menkaure casts a spell at you. Pain shoots through your body!
* * * LOW HITPOINT WARNING * * *
You are too injured to fight recklessly!
You barely miss Menkaure. Menkaure hits you!!
You die...

##..##
#...#.....
#..#
#..##.....
##.##
..###.....
#..# #..
#..... #..#
. ##.## #..#
#.)## ##)@#
#.))M<.....
#...##......
...###
##...# #^.##
... ..# ..
#. .


You could see Menkaure (fast).

Vanquished Creatures
  A hound (D:4)
  An orc priest (D:3)
  Natasha (D:4)
  Robin (D:4)
  An adder (D:3)
  3 gnolls (D:2)
  3 worms (D:2)
  2 dart slugs
  9 orcs (D:3)
  8 ball pythons
  8 bats
  4 endoplasms
  A giant cockroach (D:1)
  12 goblins
  14 hobgoblins
  11 jackals (D:2)
  5 quokkas
  6 frilled lizards
  7 kobolds
  7 rats
105 creatures vanquished.

Vanquished Creatures (others)
  2 plants (D:2)
2 creatures vanquished.

Grand Total: 107 creatures vanquished

Notes
Turn   | Place    | Note
-------+----------+-------------------------------------------
     0 | D:1      | Flugslaktarn the Minotaur Fighter began the quest for the
                  | Orb.
     0 | D:1      | Reached XP level 1. HP: 19/19 MP: 0/0
   132 | D:1      | Reached XP level 2. HP: 26/27 MP: 1/1
   323 | D:1      | Found Ydghatygui's Book Emporium.
   811 | D:2      | Reached XP level 3. HP: 33/33 MP: 2/2
  1295 | D:2      | Reached XP level 4. HP: 33/40 MP: 3/3
  1978 | D:3      | Found a bloodstained altar of Trog.
  1978 | D:3      | Found a burning altar of Makhleb.
  2088 | D:3      | Gained mutation: You have a pair of large horns on your
                  | head. [potion of mutation]
  2088 | D:3      | Gained mutation: You have hidden genetic defects. [potion
                  | of mutation]
  2088 | D:3      | Gained mutation: Your spells are a little harder to cast,
                  | but a little more powerful. [potion of mutation]
  2090 | D:3      | HP: 2/41 [orc priest/+0 mace (4)]
  2092 | D:3      | Reached XP level 5. HP: 3/47 MP: 4/4
  2112 | D:3      | Gained mutation: You are vulnerable to cold. (rC-) [hidden
                  | defects]
  2255 | D:3      | Lost mutation: Your spells are a little harder to cast, but
                  | a little more powerful. [potion of mutation]
  2255 | D:3      | Lost mutation: You have hidden genetic defects. [potion of
                  | mutation]
  2255 | D:3      | Lost mutation: You have a pair of large horns on your head.
                  | [potion of mutation]
  2255 | D:3      | Gained mutation: You are clumsy. (Dex -2) [potion of
                  | mutation]
  2341 | D:3      | Reached skill level 5 in Axes
  2494 | D:3      | Found a glowing silver altar of Zin.
  2647 | D:3      | Found a blossoming altar of Fedhas.
  2810 | D:4      | Noticed Natasha
  2814 | D:4      | Killed Natasha
  3008 | D:4      | Reached skill level 5 in Fighting
  3008 | D:4      | Reached skill level 5 in Armour
  3082 | D:4      | Noticed Robin
  3089 | D:4      | Noticed Menkaure
  3092 | D:4      | Killed Robin
  3099 | D:4      | Mangled by Menkaure

Illustrated notes

Levels and vault maps discovered:
D:1:      lightli_arrival_isolated_outpost, layout_basic, serial_shops,
          nicolae_shop_statue_plus
D:2:      layout_loops_cross, kennysheep_cluttered_room,
          amcnicky_mini_rare_corridor_liquid, grunt_ministairs_6,
          chequers_big_river
D:3:      layout_basic, mainiacjoe_overflow_brackets, marbit_many_paths,
          jmf_multi_god_temple
D:4:      layout_layer_cave, mainiacjoe_overflow_surrounded_room,
          lemuel_temple_firewalk_b, amcnicky_mini_pool_small,
          minmay_misc_feat_cross, uniq_robin, uniq_menkaure, uniq_natasha

Skill      XL: |  1  2  3  4  5 |
---------------+----------------+-----
Axes           | 3 4 5 |  5.6
Armour         | 4 5 |  5.1
Fighting       | 4 5 |  5.1
Shields        | |  3.6

Action                     |  1- 3 |  4- 6 || total
---------------------------+-------+-------++-------
  Melee: War axe           |   103 |    84 ||   187
         Headbutt          |     7 |    11 ||    18
    Use: Potion            |       |     3 ||     3
 Armour: Scale mail        |    51 |    54 ||   105
  Dodge: Dodged            |    49 |    33 ||    82
  Block: Buckler           |    19 |    27 ||    46

Table legend: (Time is in decaauts)
 A = Elapsed time spent in this place.
 B = Non-inter-level travel time spent in this place.
 C = Inter-level travel time spent in this place.
 D = Time resting spent in this place.
 E = Time spent auto-exploring this place.
 F = Levels seen in this place.
 G = Mean time per level.
                   A        B        C        D        E       F      G
               +--------+--------+--------+--------+--------+-----+--------+
         Total |   3174 |   3092 |     82 |    149 |   2407 |   4 |  793.5 |
       Dungeon |   3174 |   3092 |     82 |    149 |   2407 |   4 |  793.5 |
               +--------+--------+--------+--------+--------+-----+--------+

Top non-repeatable levels by time:
     D:2: 1149 daAuts
     D:1: 828 daAuts
     D:3: 797 daAuts
     D:4: 400 daAuts
